 Dungeon Crawl Stone Soup version 0.21-a0-361-g4efd3f9 (webtiles) character file.

114 Dfrag the Firebug (level 4, 0/30 HPs)
             Began as a Demonspawn Fire Elementalist on Oct 13, 2017.
             Was an Initiate of Okawaru.
             Killed from afar by Natasha (7 damage)
             ... with a magic dart
             ... on level 5 of the Dungeon.
             The game lasted 00:03:34 (2973 turns).

Dfrag the Firebug (Demonspawn Fire Elementalist)    Turns: 2973, Time: 00:03:35

Health: 0/30       AC:  2    Str:  9    XL:     4   Next: 67%
Magic:  0/8        EV: 15    Int: 17    God:    Okawaru [......]
Gold:   144        SH:  0    Dex: 13    Spells: 1/9 levels left

rFire    . . .     SeeInvis .   (no weapon)
rCold    . . .     Gourm    .   (no shield)
rNeg     . . .     Faith    .   a - +0 robe
rPois    .         Spirit   .   (no helmet)
rElec    .         Reflect  .   (no cloak)
rCorr    .         Harm     .   (no gloves)
MR       .....     Rnd*Tele +   (no boots)
Stlth    +++.......             (no amulet)
HPRegen  0.10/turn              m - ring of teleportation (curse)
MPRegen  0.11/turn              (no ring)

@: very slightly contaminated
A: repulsion field 2, nightstalker 1
a: Renounce Religion


You were on level 5 of the Dungeon.
You worshipped Okawaru.
Okawaru was noncommittal.
You were not hungry.

You visited 1 branch of the dungeon, and saw 5 of its levels.

You collected 144 gold pieces.

Inventory:

Armour
 a - a +0 robe (worn)
Jewellery
 m - a cursed ring of teleportation (left hand)
Scrolls
 d - 3 scrolls of magic mapping {unknown}
 h - 2 scrolls of recharging {unknown}
 j - a scroll of teleportation {unknown}
 l - a scroll of remove curse {unknown}
 o - 3 scrolls of identify {unknown}
Potions
 e - 2 potions of cancellation {unknown}
 f - 2 potions of haste
 k - a potion of agility {unknown}
 n - 2 potions of degeneration {unknown}
 q - a potion of might {unknown}
 r - 3 potions of berserk rage {unknown}
Books
 b - a book of Flames

   Spells                             Type                      Level
   a - Flame Tongue                   Conjuration/Fire             1
   b - Throw Flame                    Conjuration/Fire             2
   c - Conjure Flame                  Conjuration/Fire             3
   d - Inner Flame                    Hexes/Fire                   3
   e - Sticky Flame                   Conjuration/Fire             4
   f - Fireball                       Conjuration/Fire             5
Comestibles
 c - a bread ration
 g - a royal jelly
 i - 2 meat rations
 p - 2 chunks of flesh


   Skills:
 - Level 1.7 Dodging
 - Level 1.7 Stealth
 + Level 3.1 Spellcasting
 + Level 2.6 Conjurations
 + Level 3.6 Fire Magic


You had one spell level left.
You knew the following spells:

 Your Spells              Type           Power        Failure   Level  Hunger
a - Flame Tongue          Conj/Fire      ##...        4%          1    None
b - Conjure Flame         Conj/Fire      ##......     14%         3    ###....
c - Sticky Flame          Conj/Fire      ##......     43%         4    ####...


Dungeon Overview and Level Annotations

Branches:
Dungeon (5/15)
 Temple: D:4-7

Altars:
Dithmenos
Hepliaklqana
Okawaru
Qazlal
Trog
Uskayaw

Annotations:
D:5 Natasha


Innate Abilities, Weirdness & Mutations

You are surrounded by a moderate repulsion field. (EV +3)
You are slightly more attuned to the shadows.


Message History

Casting: Flame Tongue
Confirm with . or Enter, or press ? or * to list all spells.
Aiming: Flame Tongue
Press: ? - help, Shift-Dir - straight line, f/p - Natasha
Aim: Natasha (lightly wounded)
You miscast Flame Tongue.
You smell smoke.
Natasha barely misses you.
You hit Natasha but do no damage.
Natasha is lightly wounded.
Natasha barely misses you.
You closely miss Natasha.
Natasha is lightly wounded.
Natasha closely misses you.
You closely miss Natasha.
Natasha is lightly wounded.
Natasha barely misses you.
You closely miss Natasha.
Natasha is lightly wounded.
Natasha casts a spell at you. The magic dart hits you!
You die...

#.......
#...... .
#..... ..
###.... ...
##.....#....
##.!....(....
#....h@......
#............
#............
#............
#............
#............
##...........


You could see Natasha.

Vanquished Creatures
  2 adders (D:2)
  An ooze (D:1)
  2 dart slugs (D:1)
  2 worms (D:2)
  A leopard gecko (D:2)
  7 orcs (D:3)
  4 bats
  6 giant cockroaches
  7 goblins
  6 hobgoblins
  8 jackals
  8 kobolds
  A quokka (D:2)
  2 ball pythons (D:2)
  5 frilled lizards
  10 rats
72 creatures vanquished.

Notes
Turn   | Place    | Note
-------+----------+-------------------------------------------
     0 | D:1      | Dfrag the Demonspawn Fire Elementalist began the quest for the Orb.
     0 | D:1      | Reached XP level 1. HP: 13/13 MP: 3/3
    46 | D:1      | Gained mutation: You are surrounded by a mild repulsion field. (EV +2) [demonic ancestry]
    46 | D:1      | Reached XP level 2. HP: 8/19 MP: 1/5
   497 | D:1      | Gained mutation: You are slightly more attuned to the shadows. [demonic ancestry]
   497 | D:1      | Reached XP level 3. HP: 24/24 MP: 1/6
   934 | D:2      | Found a bloodstained altar of Trog.
  1013 | D:2      | Found an iron altar of Okawaru.
  1042 | D:2      | Became a worshipper of Warmaster Okawaru
  1144 | D:2      | Found a hazy altar of Hepliaklqana.
  1144 | D:2      | Found a shadowy altar of Dithmenos.
  1145 | D:2      | Found a hide-covered altar of Uskayaw.
  1383 | D:2      | Gained mutation: You are surrounded by a moderate repulsion field. (EV +3) [demonic ancestry]
  1383 | D:2      | Reached XP level 4. HP: 26/30 MP: 1/8
  1498 | D:2      | Learned a level 3 spell: Conjure Flame
  1503 | D:2      | Learned a level 4 spell: Sticky Flame
  1650 | D:2      | Found a stormy altar of Qazlal.
  1934 | D:3      | Found a faded altar of an unknown god.
  2964 | D:4      | Noticed an ogre
  2964 | D:4      | Noticed Natasha
  2966 | D:5      | Entered Level 5 of the Dungeon
  2973 | D:5      | Killed from afar by Natasha

Vault maps used:
D:1:      sevenhm_arrival_forest_fort_small_5
D:2:      lemuel_crystal_altar, nicolae_qazlal_general_emergency,
          gammafunk_temple_overflow_claw, okawaru_ov_weapons_minmay
D:3:      chequers_ecumenical_altar_simple_redux, grunt_ministairs_2
D:4:      grunt_ministairs_3, minivault_19, uniq_natasha
D:5:      minmay_temple_entry_mist, first_bread, uniq_sigmund

Skill      XL: |  1  2  3  4 |
---------------+-------------+-----
Fire Magic     | 3 |  3.6
Conjurations   | 2 |  2.6
Spellcasting   | 3 |  3.1
Dodging        | |  1.7
Stealth        | |  1.7

Action                   |  1- 3 |  4- 6 || total
-------------------------+-------+-------++-------
Melee: Unarmed           |    50 |    22 ||    72
 Cast: Flame Tongue      |    67 |    65 ||   132
  Eat: Chunk             |     2 |     5 ||     7
Armor: Robe              |     7 |     3 ||    10
Dodge: Dodged            |    70 |    53 ||   123

Table legend:
 A = Spawn XP
 B = Non-spawn XP
 C = Spawn XP percentage of total XP
 D = Spawn monster count
 E = Non-spawn monster count
 F = Spawn count percentage of total count
 G = Total turns spent on level
                    A         B        C        D         E        F      G
               +---------+---------+-------+---------+---------+-------+---------
         Total |       0 |     164 |   0.0 |       0 |      72 |   0.0 |  2973
               +---------+---------+-------+---------+---------+-------+---------
           D:1 |       0 |      48 |   0.0 |       0 |      25 |   0.0 |   905
           D:2 |       0 |      76 |   0.0 |       0 |      28 |   0.0 |  1266
           D:3 |       0 |      40 |   0.0 |       0 |      19 |   0.0 |   781
               +---------+---------+-------+---------+---------+-------+---------
